Map: Ulrena

Players

Soundwave

  • Race: Zerg Zerg

A.I. 1 (Elite) - Winner!

  • Race: Protoss Protoss

VOD

Have the link to the VOD?

Description

Time

  • Played on: Nov. 17, 2015, 3:39 a.m.
  • Length: 10:17
Show
View Real Time Build Order
Export as new Build Order

Soundwave Zerg 

Build Orders: Hatch First 

Get SALT Encoding   

  12  0:01  Drone  
  13  0:10  Drone  
  14  0:19  Drone, Extractor  
  15  0:41  Hatchery  
  14  0:48  Drone, Extractor  
  15  1:00  Spawning Pool  
  14  1:05  Extractor  
  14  1:07  Drone, Extractor  
  13  1:12  Drone  
  13  1:17  Overlord  
  16  1:41  Drone  
  16  1:42  Drone  
  16  1:47  Queen  
  18  1:52  Queen  
  22  1:54  Drone x2  
  22  1:55  Drone  
  26  2:22  Drone  
  26  2:23  Drone x2  
  26  2:28  Overlord  
  28  2:43  Extractor  
  27  2:44  Extractor, Queen  
  27  2:45  Queen  
  27  2:50  Drone x2  
  27  2:51  Drone  
  33  2:52  Drone  
  33  2:53  Drone x2  
  36  3:06  Overlord x2  
  36  3:45  Drone x6  
  42  3:52  Metabolic Boost  
  42  3:56  Lair  
  42  4:02  Drone x2  
  44  4:04  Overlord x3  
  44  4:08  Extractor  
  44  4:09  Drone  
  44  4:10  Extractor  
  44  4:11  Drone  
  44  4:20  Roach Warren  
  43  4:25  Evolution Chamber  
  43  4:26  Evolution Chamber, Drone x2  
  43  4:27  Drone  
  43  4:28  Drone  
  43  4:29  Drone  
  46  4:40  Drone x4  
  50  4:56  Drone x3, Spine Crawler  
  50  4:57  Overlord, Spine Crawler  
  50  4:59  Overseer  
  51  5:06  Hydralisk Den  
  51  5:07  Spore Crawler  
  49  5:08  Drone x2  
  51  5:21  Hatchery  
  50  5:38  Muscular Augments  
  50  5:40  Zerg Ground Armor Level 1, Zerg Melee Weapons Level 1  
  50  6:03  Hydralisk  
  50  6:04  Hydralisk x6  
  50  6:05  Hydralisk x3  
  70  6:38  Drone x4  
  70  6:39  Drone x3  
  77  6:40  Drone x2  
  77  6:41  Drone x2  
  77  6:43  Overlord  
  77  6:46  Overseer  
  81  7:04  Hydralisk x4  
  81  7:07  Overlord x6  
  89  7:23  Zergling x2  
  89  7:25  Zergling x10  
  89  7:26  Zergling x2  
  96  7:33  Lurker Den  
  96  7:35  Zerg Melee Weapons Level 2  
  96  7:36  Zerg Ground Armor Level 2  
  96  7:39  Zergling x4  
  96  7:40  Zergling x4  
  100  7:52  Hydralisk x5  
  100  7:53  Hydralisk x3  
  116  8:04  Infestation Pit  
  115  8:19  Drone, Extractor  
  116  8:20  Drone x3  
  116  8:21  Drone x2, Extractor  
  119  8:28  Drone x3  
  122  8:44  Hydralisk x3  
  122  8:45  Hydralisk x4  
  122  8:47  Overlord x3  
  122  8:48  Overlord  
  136  8:53  Hatchery  
  132  9:05  Hydralisk x4  
  132  9:06  Hydralisk x3  
  105  9:23  Hydralisk x3  
  105  9:24  Hydralisk x3  
  80  9:38  Hydralisk  
  80  9:39  Hydralisk x3  
  80  9:40  Zergling x4  
  86  9:51  Zergling x4  
  86  9:52  Zergling x2  
Show
View Real Time Build Order
Export as new Build Order

A.I. 1 (Elite) Protoss - Winner!

Build Orders: Zealot Archon, Colossus Rush 

Get SALT Encoding   

  12  0:01  Probe (Chrono Boost)  
  13  0:11  Probe (Chrono Boost)  
  14  0:20  Pylon  
  14  0:22  Probe (Chrono Boost)  
  15  0:38  Probe (Chrono Boost)  
  16  0:46  Assimilator  
  16  0:49  Probe (Chrono Boost)  
  17  0:50  Gateway  
  17  0:59  Probe (Chrono Boost)  
  17  1:01  Pylon  
  18  1:10  Probe (Chrono Boost)  
  19  1:20  Probe (Chrono Boost)  
  20  1:31  Probe (Chrono Boost)  
  21  1:38  Zealot  
  21  1:42  Cybernetics Core, Probe (Chrono Boost)  
  24  1:54  Probe (Chrono Boost)  
  25  2:02  Nexus  
  25  2:05  Probe (Chrono Boost)  
  26  2:13  Warp Gate  
  26  2:17  Stalker, Probe (Chrono Boost)  
  29  2:28  Probe (Chrono Boost)  
  30  2:32  Pylon  
  30  2:40  Probe (Chrono Boost)  
  30  2:42  Gateway  
  31  2:45  Assimilator  
  32  2:51  Probe (Chrono Boost), Adept  
  34  3:01  Pylon  
  34  3:03  Probe (Chrono Boost)  
  35  3:15  Probe x2 (Chrono Boost)  
  35  3:16  Adept  
  39  3:26  Probe (Chrono Boost)  
  40  3:32  Adept, Robotics Facility  
  42  3:37  Probe (Chrono Boost)  
  42  3:39  Probe (Chrono Boost)  
  44  3:41  Adept  
  47  3:49  Probe (Chrono Boost)  
  47  3:51  Probe (Chrono Boost)  
  48  3:59  Adept  
  48  4:01  Probe (Chrono Boost)  
  48  4:02  Probe (Chrono Boost)  
  52  4:12  Probe (Chrono Boost)  
  52  4:13  Probe (Chrono Boost)  
  52  4:16  Adept  
  56  4:21  Pylon  
  56  4:22  Observer  
  56  4:24  Probe (Chrono Boost), Robotics Bay  
  59  4:25  Probe (Chrono Boost)  
  59  4:34  Robotics Facility  
  59  4:35  Probe (Chrono Boost)  
  60  4:40  Stalker, Pylon  
  62  4:47  Stalker  
  62  4:49  Pylon  
  62  4:51  Probe (Chrono Boost)  
  66  4:53  Probe (Chrono Boost)  
  66  5:13  Gateway  
  66  5:20  Colossus  
  66  5:21  Zealot, Pylon  
  66  5:25  Zealot  
  76  5:37  Pylon  
  76  5:40  Zealot  
  78  5:43  Zealot  
  78  5:44  Probe (Chrono Boost)  
  78  5:45  Assimilator  
  78  5:46  Probe (Chrono Boost)  
  82  5:50  Twilight Council  
  82  5:52  Assimilator  
  82  5:59  Stalker  
  84  6:08  Probe x2 (Chrono Boost)  
  86  6:11  Nexus, Forge  
  86  6:19  Probe (Chrono Boost)  
  86  6:20  Probe (Chrono Boost)  
  86  6:22  Pylon  
  88  6:30  Templar Archives  
  88  6:36  Forge  
  88  6:49  Pylon  
  88  6:57  Gateway  
  88  6:59  Sentry  
  90  7:03  Stalker  
  90  7:06  High Templar  
  94  7:09  Photon Cannon  
  94  7:11  Photon Cannon  
  94  7:14  Pylon  
  94  7:16  Warp Prism  
  94  7:19  Stalker  
  98  7:23  Protoss Ground Weapons Level 1  
  98  7:24  Sentry  
  98  7:25  Probe x2 (Chrono Boost)  
  98  7:26  Probe (Chrono Boost)  
  98  7:29  Observer  
  103  7:32  Assimilator  
  103  7:34  Pylon  
  103  7:35  High Templar  
  103  7:36  Assimilator  
  107  7:37  Probe x2 (Chrono Boost)  
  107  7:38  Probe (Chrono Boost)  
  107  7:42  Zealot  
  110  7:44  Archon  
  110  7:46  Stalker  
  110  7:49  Probe x2 (Chrono Boost)  
  110  7:50  Probe (Chrono Boost), Zealot  
  117  7:53  Nexus  
  117  8:00  Probe (Chrono Boost), Zealot  
  117  8:02  Probe x2 (Chrono Boost)  
  122  8:06  Zealot  
  122  8:08  Zealot, Pylon  
  122  8:09  Zealot  
  122  8:12  Probe (Chrono Boost)  
  130  8:14  Probe x2 (Chrono Boost)  
  131  8:20  High Templar  
  131  8:24  Probe (Chrono Boost)  
  131  8:25  Zealot  
  131  8:26  Probe (Chrono Boost)  
  138  8:27  Probe (Chrono Boost), Zealot, High Templar  
  138  8:28  Colossus  
  138  8:29  Pylon  
  148  8:34  Colossus  
  148  8:36  Probe (Chrono Boost)  
  148  8:41  Archon  
  155  8:43  High Templar  
  155  8:48  Stalker  
  159  8:49  Pylon  
  159  8:58  High Templar  
  161  9:04  Zealot  
  147  9:10  Stalker  
  147  9:13  Archon  
  147  9:14  High Templar, Assimilator  
  145  9:17  Assimilator  
  145  9:21  Observer  
  145  9:24  Zealot  
  136  9:25  Warp Prism  
  136  9:29  Stalker  
  136  9:30  Adept  
  124  9:42  Adept  
  124  9:44  Zealot  
  124  9:45  Photon Cannon  
  124  9:49  Zealot  
  124  9:50  Sentry  
  128  9:55  Photon Cannon  
  128  9:57  Photon Cannon  
  128  9:58  Pylon  
  128  10:00  Stalker  
  128  10:02  Pylon  
  128  10:03  Stalker  
  136  10:08  Zealot  
  136  10:11  High Templar  
Tags
 
Composition
Zealot Archon
Matchup
PvZ
Replay Pack
First Pack
Add a new tag
Caveats
  • Supply blocks, unpowered buildings, or Contaminate may cause inaccurate times.
  • Supply counts are checked every 10 seconds.